 Dungeon Crawl Stone Soup version 0.30-a0-305-g026cb31310 (webtiles) character file.

Game seed: 2511031850125174680

210 koil the Sneak (level 5, -12/27 HPs)
             Began as a Spriggan Brigand on Oct 22, 2022.
             Killed by divine providence
             ... invoked by an orc priest
              (17 damage)
             ... on level 4 of the Dungeon.
             The game lasted 00:05:41 (2743 turns).

koil the Sneak (Spriggan Brigand)                   Turns: 2743, Time: 00:05:44

Health: -12/27     AC:  3    Str:  7    XL:     5   Next: 57%
Magic:  10/10      EV: 18    Int: 14    God:
Gold:   179        SH:  0    Dex: 17    Spells: 9/9 levels left

rFire   . . .      SeeInvis +    a - +2 dagger
rCold   . . .      Faith    .    (no shield)
rNeg    . . .      Spirit   .    b - +0 robe
rPois   .          Reflect  .    (helmet restricted)
rElec   .          Harm     .    c - +0 cloak
rCorr   .          Rampage  .    (gloves unavailable)
Will    .....                    (boots unavailable)
Stlth   ++++......               (no amulet)
HPRegen 0.24/turn                (no ring)
MPRegen 0.12/turn                (no ring)

@: very quick
A: very small, no large weapons, unfitting armour, see invisible, speed 3
a: no special abilities


You were on level 4 of the Dungeon.
You visited 1 branch of the dungeon, and saw 4 of its levels.

You collected 179 gold pieces.

Inventory:

Hand Weapons
 a - a +2 dagger (weapon)
Missiles
 d - 16 poisoned darts (quivered)
 e - 3 curare-tipped darts
Armour
 b - a +0 robe (worn)
 c - a +0 cloak (worn)
Magical Staves
 o - a staff of death
Jewellery
 m - a ring of flight
 n - a ring of ice
 q - a ring of flight
Scrolls
 f - 3 scrolls of enchant armour {unknown}
 g - 3 scrolls of identify {unknown}
 h - 2 scrolls of teleportation {unknown}
 j - a scroll of noise {unknown}
 p - a scroll of magic mapping {unknown}
Potions
 i - a potion of attraction {unknown}
 k - a potion of haste {unknown}
 l - a potion of degeneration {unknown}


   Skills:
 + Level 2.5 Fighting
 + Level 3.4 Short Blades
 - Level 2.0 Throwing
 + Level 3.3 Dodging
 + Level 7.0 Stealth
 + Level 2.8 Spellcasting


You had 9 spell levels left.
You didn't know any spells.
Your spell library was empty.

Dungeon Overview and Level Annotations

Branches:
Dungeon (4/15)
 Temple: D:4-7

Altars:
Vehumet

Shops:
D:2 :   D:3 *


Innate Abilities, Weirdness & Mutations

You are very small and have problems with some larger weapons.
You are too small for most types of armour.
You have supernaturally acute eyesight. (SInv)
You cover ground extremely quickly. (Speed+++)


Message History

An orc comes into view. It is wielding a +0 hand axe.
You hit the orc but do no damage. The orc hits you with a +0 hand axe.
You hit the orc.
The orc is severely wounded.
The orc closely misses you.
You closely miss the orc.
The orc is severely wounded.
You hit the orc.
The orc is almost dead.
The orc misses you.
You closely miss the orc.
The orc is severely wounded.
The orc hits you with a +0 hand axe.
You barely miss the orc.
The orc is severely wounded.
The orc hits you with a +0 hand axe.
You hit the orc.
You kill the orc!
The orc hits you with a +0 hand axe.
* * * LOW HITPOINT WARNING * * *
The orc priest looks encouraged for a moment.
Your Stealth skill increases to level 7!
Items here: (( )))) [ †††.
Throw: 17 darts (poison)
Press: ? - help, Q - select action, (/) - cycle Shift-Dir - straight line, f - orc priest
Aim: an orc priest, wielding a +0 flail and wearing a +0 leather armour (62% to hit)
You throw a poisoned dart. The poisoned dart hits the orc priest.
The orc priest is poisoned.
The orc priest barely misses you.
You hit the orc priest.
The orc priest is moderately wounded.
The orc barely misses you. The orc priest closely misses you.
You hit the orc priest.
The orc priest is heavily wounded.
The orc hits you with a +0 hand axe.
* * * LOW HITPOINT WARNING * * *
The orc priest mumbles some strange prayers to Beogh against you.
Beogh smites you!
Ouch! That really hurt!
You die...

#.☼.°.## .#.#
####..§...##.#.#
....☼.°....... #
#.#....(h.#.#hK.
..##.##............
#........)...# .#
.##.#..###..#
....##.#..####.#
..........(o@o.# .
#######...###### .#
# #...# .#. #...#
.#.# ######...#####
.#.###.............
...........)>......
##.###.............
#.# ######...#####


You could see an orc priest (poisoned) and an orc.

Vanquished Creatures
  A scorpion (D:3)
  A howler monkey (D:4)
  4 adders
  A worm (D:2)
  2 dart slugs
  3 orcs (D:4)
  3 endoplasms
  A giant cockroach (D:4)
  8 goblins
  3 hobgoblins
  4 jackals
  9 kobolds
  3 quokkas
  6 ball pythons
  6 bats
  3 frilled lizards
  8 rats
66 creatures vanquished.

Notes
Turn   | Place    | Note
-------+----------+-------------------------------------------
     0 | D:1      | koil the Spriggan Brigand began the quest for the Orb.
     0 | D:1      | Reached XP level 1. HP: 10/10 MP: 2/2
   412 | D:1      | Reached skill level 6 in Stealth
   428 | D:1      | Reached XP level 2. HP: 15/15 MP: 2/4
   571 | D:1      | Reached skill level 1 in Spellcasting
   950 | D:2      | Found Potek's Book Shop.
   958 | D:2      | Reached XP level 3. HP: 18/18 MP: 5/5
  1699 | D:3      | Reached XP level 4. HP: 23/23 MP: 7/7
  1793 | D:3      | Noticed a scorpion
  1812 | D:3      | Killed a scorpion
  1813 | D:3      | Reached XP level 5. HP: 26/26 MP: 9/9
  1950 | D:3      | Found Oppanem's Assorted Antiques.
  2651 | D:4      | Found a radiant altar of Vehumet.
  2740 | D:4      | Reached skill level 7 in Stealth
  2743 | D:4      | Killed from afar by an orc priest

Illustrated notes

Levels and vault maps discovered:
D:1:      onia_arrival_mini_spirals, layout_basic, minivault_11,
          serial_bayou_crossing
D:2:      layout_basic, serial_shops, shop, hangedman_decor_clover_reticule,
          minmay_between
D:3:      layout_basic, serial_shops, nicolae_lakefront_shop, corner_web_ring
D:4:      layout_loops_cross, fiery_altar_vehumet

Skill      XL: |  1  2  3  4  5 |
---------------+----------------+-----
Stealth        | 6 7 |  7.0
Spellcasting   | 1 2 |  2.8
Dodging        | 2 3 |  3.3
Fighting       | 2 |  2.5
Short Blades   | 3 |  3.4
Throwing       | |  2.0

Action                   |  1- 3 |  4- 6 || total
-------------------------+-------+-------++-------
Melee: Dagger            |    76 |    90 ||   166
       Punch             |       |     1 ||     1
Throw: Dart              |       |     6 ||     6
 Stab: Sleeping          |    20 |     6 ||    26
       Distracted        |     1 |       ||     1
Armor: Robe              |     3 |     8 ||    11
Dodge: Dodged            |    34 |    59 ||    93

Table legend: (Time is in decaauts)
 A = Elapsed time spent in this place.
 B = Non-inter-level travel time spent in this place.
 C = Inter-level travel time spent in this place.
 D = Time resting spent in this place.
 E = Time spent auto-exploring this place.
 F = Levels seen in this place.
 G = Mean time per level.
                   A        B        C        D        E       F      G
               +--------+--------+--------+--------+--------+-----+--------+
         Total |   1769 |   1665 |    104 |     25 |   1284 |   4 |  442.2 |
       Dungeon |   1769 |   1665 |    104 |     25 |   1284 |   4 |  442.2 |
               +--------+--------+--------+--------+--------+-----+--------+

Top non-repeatable levels by time:
     D:3: 658 daAuts
     D:2: 512 daAuts
     D:1: 506 daAuts
     D:4: 91 daAuts
